Map: Ephemeron LE

Players

MikeHawk - Winner!

  • Race: Terran Terran
  • League: Master
  • Spawn Location: 11:00

Lycid

  • Race: Protoss Protoss
  • League: Master
  • Spawn Location: 5:00

VOD

Have the link to the VOD?

Description

Time

  • Played on: Dec. 20, 2019, 12:59 p.m.
  • Length: 7:25
Show
View Real Time Build Order
Export as new Build Order

MikeHawk Terran - Winner!

Build Orders: Reaper Expand 

Get SALT Encoding   

  12  0:01  SCV  
  13  0:13  SCV  
  14  0:18  Supply Depot  
  14  0:25  SCV  
  15  0:40  SCV  
  15  0:41  Barracks  
  16  0:45  Refinery  
  16  0:52  SCV  
  18  1:04  SCV  
  18  1:16  SCV  
  19  1:28  Reaper  
  19  1:29  Orbital Command  
  20  1:44  Command Center  
  20  1:55  SCV  
  20  1:56  Supply Depot  
  20  2:00  Marine  
  22  2:07  SCV  
  23  2:13  Factory  
  23  2:19  SCV  
  23  2:22  Barracks Reactor  
  24  2:30  Refinery  
  24  2:31  SCV  
  25  2:43  SCV  
  26  2:55  SCV  
  26  2:57  Bunker, Starport  
  26  2:58  Orbital Command  
  27  2:59  Marine x2  
  27  3:01  Factory Tech Lab  
  29  3:07  SCV  
  30  3:17  Marine x2  
  30  3:19  SCV  
  33  3:21  Cyclone  
  33  3:23  SCV  
  37  3:31  SCV  
  37  3:34  Supply Depot  
  38  3:35  SCV  
  38  3:39  Viking  
  41  3:42  Marine x2  
  41  3:45  SCV  
  41  3:47  SCV  
  45  3:54  Barracks  
  45  3:57  SCV  
  45  4:00  SCV, Marine x2  
  49  4:09  SCV, Viking  
  51  4:12  SCV  
  51  4:15  Barracks  
  52  4:21  SCV  
  52  4:22  Engineering Bay  
  52  4:24  Factory Tech Lab, SCV, Supply Depot  
  54  4:33  SCV  
  54  4:34  Marine  
  54  4:35  Marine  
  54  4:36  SCV  
  58  4:45  Stimpack, SCV  
  60  4:48  Terran Infantry Weapons Level 1, SCV  
  60  4:49  Supply Depot, Refinery  
  62  4:58  SCV, Starport Reactor, Marine x3  
  62  4:59  Factory Reactor  
  64  5:00  SCV  
  64  5:01  Supply Depot  
  65  5:09  Refinery  
  65  5:10  Combat Shield  
  66  5:16  Marine x2  
  67  5:22  SCV x2, Marauder x2  
  67  5:27  Missile Turret  
  73  5:33  Marine  
  73  5:34  Missile Turret, Marine  
  74  5:36  Medivac  
  74  5:39  Medivac  
  78  5:42  Marine  
  78  5:43  Widow Mine x2, Marine  
  84  5:56  Marine x2  
  83  6:01  Marauder  
  85  6:04  Supply Depot  
  85  6:05  Supply Depot  
  85  6:08  Command Center  
  85  6:11  Marauder  
  85  6:13  Medivac x2  
  85  6:14  Marine x2  
  93  6:24  Concussive Shells  
  93  6:26  Supply Depot, Widow Mine x2  
  93  6:27  Marauder  
  99  6:35  Marauder, Marine x2  
  99  6:38  SCV x2  
  101  6:48  Marine  
  101  6:49  Medivac x2  
  101  6:51  Widow Mine x2  
  101  6:52  Marine  
  108  6:57  Marauder  
Show
View Real Time Build Order
Export as new Build Order

Lycid Protoss 

Build Orders: 1 Gate Expand, Oracle Opening 

Get SALT Encoding   

  12  0:00  Probe  
  13  0:12  Probe  
  14  0:18  Pylon  
  14  0:24  Probe  
  15  0:37  Probe (Chrono Boost)  
  15  0:38  Gateway  
  16  0:44  Assimilator  
  16  0:47  Probe (Chrono Boost)  
  17  0:52  Probe (Chrono Boost)  
  18  1:03  Probe  
  19  1:15  Probe  
  20  1:25  Nexus  
  20  1:38  Cybernetics Core  
  19  1:40  Probe  
  19  1:45  Assimilator  
  20  1:52  Probe  
  21  1:56  Pylon  
  21  2:04  Probe  
  22  2:11  Adept (Chrono Boost)  
  24  2:21  Stargate  
  24  2:22  Probe  
  25  2:25  Warp Gate  
  25  2:34  Probe  
  26  2:37  Stalker (Chrono Boost)  
  26  2:42  Probe  
  29  2:46  Probe  
  30  2:54  Probe  
  30  2:58  Probe  
  32  3:04  Oracle (Chrono Boost)  
  32  3:06  Probe (Chrono Boost)  
  32  3:12  Stalker  
  39  3:13  Probe (Chrono Boost)  
  39  3:19  Probe (Chrono Boost)  
  40  3:22  Pylon  
  42  3:27  Probe x2 (Chrono Boost)  
  42  3:33  Probe  
  42  3:34  Probe  
  42  3:40  Oracle  
  47  3:45  Gateway  
  47  3:46  Gateway  
  47  3:48  Probe  
  48  3:49  Probe  
  49  4:00  Probe  
  49  4:01  Probe  
  49  4:12  Probe  
  49  4:13  Probe  
  51  4:17  Nexus  
  51  4:21  Phoenix  
  53  4:24  Probe, Assimilator  
  53  4:26  Assimilator  
  53  4:30  Pylon  
  54  4:36  Pylon  
  54  4:48  Probe x2  
  56  4:53  Twilight Council  
  56  4:55  Forge  
  56  4:59  Protoss Ground Weapons Level 1  
  56  5:04  Gateway x2  
  56  5:07  Gateway  
  56  5:08  Gateway  
  56  5:10  Gateway  
  56  5:12  Probe  
  56  5:14  Probe  
  58  5:19  Stalker  
  60  5:22  Blink (Chrono Boost)  
  60  5:24  Probe  
  60  5:26  Probe  
  62  5:35  Probe  
  63  5:36  Probe  
  63  5:39  Sentry x2  
  63  5:42  Probe  
  69  5:45  Pylon  
  69  5:47  Probe  
  68  5:57  Probe x2  
  68  5:59  Probe, Sentry  
  68  6:01  Sentry  
  75  6:07  Robotics Facility  
  75  6:08  Stalker x3  
  75  6:09  Probe  
  75  6:11  Stalker  
  84  6:17  Stalker  
  86  6:23  Stalker x2  
  90  6:31  Probe x2  
  92  6:33  Pylon  
  92  6:35  Assimilator  
  92  6:38  Probe  
  93  6:40  Assimilator  
  93  6:45  Probe  
  92  6:48  Probe  
  92  6:50  Probe  
  92  6:53  Stalker x6  
  91  7:05  Stalker x2  
  81  7:09  Probe x2  
  81  7:10  Probe  
  72  7:17  Stalker x3  
Tags
 
Add a new tag
Caveats
  • Supply blocks, unpowered buildings, or Contaminate may cause inaccurate times.
  • Supply counts are checked every 10 seconds.